 Dungeon Crawl Stone Soup version 0.22.1-1-ga44c0e56f4 (webtiles) character file.

107 Mjsee792 the Shield-Bearer (level 4, 0/41 HPs)
             Began as a Minotaur Fighter on Oct 13, 2018.
             Succumbed to a kobold's poison
             ... on level 2 of the Dungeon.
             The game lasted 00:04:06 (1554 turns).

Mjsee792 the Shield-Bearer (Minotaur Fighter)       Turns: 1554, Time: 00:04:06

Health: 0/41       AC:  7    Str: 20    XL:     4   Next: 57%
Magic:  3/3        EV: 22    Int:  5    God:
Gold:   100        SH: 10    Dex: 11    Spells: 3/3 levels left

rFire    . . .     SeeInvis .   a - +0 long sword
rCold    . . .     Gourm    .   c - +0 shield
rNeg     . . .     Faith    .   b - +0 scale mail
rPois    .         Spirit   .   (helmet restricted)
rElec    .         Reflect  .   (no cloak)
rCorr    .         Harm     .   (no gloves)
MR       .....                  (no boots)
Stlth    ..........             e - amulet of the acrobat
HPRegen  0.13/turn              (no ring)
MPRegen  0.08/turn              (no ring)

@: lethally poisoned (0 -> -14)
A: retaliatory headbutt, horns 2
a: no special abilities


You were on level 2 of the Dungeon.
You were very hungry.

You visited 1 branch of the dungeon, and saw 3 of its levels.

You collected 100 gold pieces.

Inventory:

Hand Weapons
 a - a +0 long sword (weapon)
Armour
 b - a +0 scale mail (worn)
 c - a +0 shield (worn)
Jewellery
 e - an amulet of the acrobat (around neck)
Scrolls
 h - 2 scrolls of enchant weapon {unknown}
 i - 2 scrolls of teleportation {unknown}
 m - 2 scrolls of identify {unknown}
 n - a scroll of blinking {unknown}
Potions
 d - a potion of might
 g - a potion of lignification {unknown}
 j - a potion of agility {unknown}
 k - a potion of heal wounds {unknown}
 l - a potion of flight {unknown}
 o - a potion of mutation {unknown}
Comestibles
 f - 4 rations


   Skills:
 + Level 4.6 Fighting
 - Level 2.4 Long Blades
 + Level 4.7 Armour
 + Level 4.9 Shields


You had 3 spell levels left.
You didn't know any spells.
Your spell library was empty.

Dungeon Overview and Level Annotations

Branches:
Dungeon (3/15)

Altars:


Innate Abilities, Weirdness & Mutations

You reflexively headbutt those who attack you in melee.
You have a pair of horns on your head.


Message History

You feel sick. The goblin hits you with a dagger.
The kobold shoots a poisoned needle.
The poisoned needle hits you!
You are more poisoned.
You block the goblin's attack.
The orc priest hits you but does no damage.
The kobold shoots a poisoned needle.
You block the poisoned needle.
Unknown command.
The goblin hits you with a dagger.
The orc priest hits you but does no damage.
You block the rat's attack.
The kobold shoots a poisoned needle.
The poisoned needle hits you!
You are more poisoned.
You climb upwards.
You feel very sick.
There is a stone staircase leading down here.
You feel sick.
The orc priest invokes the aid of Beogh against you.
Beogh smites you!
* * * LOW HITPOINT WARNING * * *
You die...

###.##.#.# #.#.# #......#.#
#.#.# #### #.##...#.# ###.#.#
...# #.##...#.# #...#.# ...#
#.##(..#.# #.###.#### ...#
#.###r.#(# #.# #..... ..(# #.#
#og#.# #.# ###### ...# #.#
#.##.# #.# ...# #.# #@##.# #.#
############.###.##.####.####
........##.......#..........#
........##.......#######....#
.................##....#....#
........##.......##....#....#
#........#.......##....#....#
########.#...(...##....########
...# #.......)##.(((..........#


You could see an orc priest, a goblin and a rat.

Vanquished Creatures
  Terence (D:2)
  4 adders (D:2)
  3 dart slugs (D:1)
  3 leopard geckos
  2 giant cockroaches (D:1)
  3 goblins
  A hobgoblin (D:1)
  2 jackals (D:2)
  7 kobolds
  3 ball pythons (D:1)
  4 bats
  4 frilled lizards
  3 rats (D:2)
40 creatures vanquished.

Notes
Turn   | Place    | Note
-------+----------+-------------------------------------------
     0 | D:1      | Mjsee792 the Minotaur Fighter began the quest for the Orb.
     0 | D:1      | Reached XP level 1. HP: 19/19 MP: 0/0
   118 | D:1      | Reached XP level 2. HP: 27/27 MP: 1/1
   518 | D:1      | Reached XP level 3. HP: 33/33 MP: 2/2
   856 | D:2      | Reached XP level 4. HP: 36/41 MP: 3/3
  1317 | D:2      | Noticed Terence
  1332 | D:2      | Killed Terence
  1553 | D:2      | HP: 1/41 [orc priest/divine providence (15)]
  1554 | D:2      | Succumbed to a kobold's poison

Skill      XL: |  1  2 |
---------------+-------+-----
Fighting       | 4 |  4.6
Shields        | 4 |  4.9
Armour         | 4 |  4.7
Long Blades    | |  2.4

Action                   |  1- 3 |  4- 6 || total
-------------------------+-------+-------++-------
Melee: Long sword        |    77 |    26 ||   103
       Headbutt          |    12 |     4 ||    16
  Eat: Chunk             |       |     1 ||     1
Armor: Scale mail        |    32 |     5 ||    37
Dodge: Dodged            |    27 |    10 ||    37
Block: Shield            |    34 |    19 ||    53
       Rpst.: Long sword |     5 |     4 ||     9
